 Dungeon Crawl Stone Soup version 0.31.0-11-ge490571c62 (webtiles) character file.

Game seed: 723695866429807891

732 qw the Shooter (level 7, -4/35 HPs)
             Began as a Spriggan Hunter on Feb 3, 2024.
             Was an Initiate of Okawaru.
             Slain by a gnoll bouda
             ... wielding a +0 club
              (12 damage)
             ... on level 5 of the Dungeon.
             The game lasted 00:00:15 (3245 turns).

qw the Shooter (Spriggan Hunter)                    Turns: 3245, Time: 00:00:16

Health: -4/35      AC:  2    Str:  7    XL:     7   Next: 45%
Magic:  8/8        EV: 27    Int: 10    God:    Okawaru [......]
Gold:   304        SH:  0    Dex: 21    Spells: 6/6 levels left

rFire   . . .        a - +0 shortbow
rCold   . . .        (shield currently unavailable)
rNeg    . . .        c - +0 robe
rPois   .            (helmet restricted)
rElec   .            (no cloak)
rCorr   .            (gloves unavailable)
SInv    +            (boots unavailable)
Will    +....        (no amulet)
Stlth   ++           b - +5 ring of evasion
HPRegen 0.25/turn    (no ring)
MPRegen 0.11/turn

%: no passive effects
@: very quick
A: very small, no large weapons, unfitting armour, see invisible, speed 3
a: Renounce Religion


You were on level 5 of the Dungeon.
You worshipped Okawaru.
Okawaru was noncommittal.
You visited 2 branches of the dungeon, and saw 6 of its levels.
You also visited: Sewer.

You collected 304 gold pieces.


Innate Abilities, Weirdness & Mutations

You are very small and have problems with some larger weapons.
You are too small for most types of armour.
You have supernaturally acute eyesight. (SInv)
You cover ground extremely quickly. (Speed+++)


   Skills:
 - Level 2.6 Fighting
 + Level 7.2 Ranged Weapons
 - Level 7.0 Dodging
 - Level 1.5 Stealth


You had 6 spell levels left.
You didn't know any spells.
Your spell library was empty.

Inventory:

Hand Weapons
 a - a +0 shortbow (weapon)
Armour
 c - a +0 robe (worn)
Jewellery
 b - a +5 ring of evasion (left hand)
 k - a ring of magical power
Potions
 d - a potion of might
 e - 2 potions of enlightenment
 g - 5 potions of curing
 h - 2 potions of mutation
 i - a potion of magic {unknown}
 j - a potion of berserk rage {unknown}

Dungeon Overview and Level Annotations

Branches:
Dungeon (5/15)             Temple (1/1) D:5           Sewer (visited)

Altars:
Ashenzari
Cheibriados
Dithmenos
Fedhas
Gozag
Hepliaklqana
Kikubaaqudgha
Makhleb
Nemelex Xobeh
Okawaru
Qazlal
Sif Muna
Trog
Uskayaw
Vehumet
Wu Jian
Xom
Yredelemnul
Zin
The Shining One


Message History

You shoot an arrow.
The arrow hits the gnoll but does no damage.
The gnoll is heavily wounded.
The gnoll bouda barks out a call to the hunt!
The gnolls pick up the pace!
The gnoll completely misses you. x2
You shoot an arrow.
The arrow hits the gnoll but does no damage.
The gnoll is heavily wounded.
The gnoll bouda calls upon its god to heal the gnoll.
The gnoll is healed somewhat.
The gnoll completely misses you. The gnoll hits you with a +0 club.
You shoot an arrow. The arrow hits the gnoll!
The gnoll is almost dead.
The gnoll completely misses you.
The gnoll hits you from afar with a +0 halberd!
You shoot an arrow. The arrow hits the gnoll.
You kill the gnoll!
Okawaru accepts your kill. The gnoll completely misses you. x3
You shoot an arrow.
The arrow closely misses the gnoll bouda.
The gnoll bouda hits you with a +0 club!
The gnoll completely misses you. The gnoll barely misses you.
3242 ||| DRINKING potion of heal wounds.
You feel much better. The gnoll bouda misses you.
The gnoll completely misses you. x2
You shoot an arrow.
The arrow hits the gnoll bouda but does no damage.
The gnoll bouda completely misses you.
The gnoll hits you from afar with a +0 halberd!
The gnoll completely misses you.
You shoot an arrow.
The arrow barely misses the gnoll bouda.
The gnoll bouda completely misses you. The gnoll completely misses you.
The gnoll closely misses you.
You shoot an arrow. The arrow hits the gnoll bouda.
The gnoll bouda is lightly wounded.
The gnoll bouda hits you with a +0 club!
You die...

##### ############...#
#..............#
###..............#
................@#
................g.gg..+
......####........g...#
####.....#...........#..
.........#........##.#
.:.......#........# .#
........##........# .
........##........# .
.................


You could see a gnoll bouda and 3 gnolls.

Vanquished Creatures
  Grinder (D:4)
  2 kobold brigands (Sewer)
  2 scorpions (D:5)
  A bombardier beetle (D:4)
  A hound (D:5)
  An iguana (D:5)
  A gnoll (D:5)
  6 adders
  A river rat (Sewer)
  A shadow imp (D:3)
  2 ufetubi (D:5)
  A ribbon worm (D:4)
  3 dart slugs
  7 orcs
  8 ball pythons
  4 endoplasms
  6 giant cockroaches
  6 hobgoblins
  2 jackals (Sewer)
  3 quokkas (D:2)
  3 bats
  2 frilled lizards (D:1)
  6 goblins
  10 kobolds
  9 rats
89 creatures vanquished.

Notes
Turn   | Place    | Note
-------+----------+-------------------------------------------
     0 | D:1      | qw the Spriggan Hunter began the quest for the Orb.
     0 | D:1      | Reached XP level 1. HP: 10/10 MP: 2/2
     0 | D:1      | 0 ||| qw: Version: 0.3-a-158-g18b3111
     0 | D:1      | 0 ||| qw: Game counter: 4130
     0 | D:1      | 0 ||| qw: Melee chars always use a shield: true
     0 | D:1      | 0 ||| qw: God list: Okawaru
     0 | D:1      | 0 ||| qw: Allow faded altars: false
     0 | D:1      | 0 ||| qw: Do Orc after clearing Dungeon:15 true
     0 | D:1      | 0 ||| qw: Do second Lair branch before Depths: true
     0 | D:1      | 0 ||| qw: Lair rune preference: random
     0 | D:1      | 0 ||| qw: Goals: Normal
     0 | D:1      | 0 ||| PLANNING D:1-11
    24 | D:1      | Reached skill level 3 in Dodging
    75 | D:1      | Reached XP level 2. HP: 13/14 MP: 3/3
   465 | D:1      | 465 ||| READING scroll labelled MEOHORPHATUE.
   566 | D:1      | 566 ||| DROPPING scroll of butterflies.
   595 | D:2      | 595 ||| STAIRDANCE
   602 | D:1      | Reached XP level 3. HP: 6/18 MP: 4/4
   810 | D:2      | Found a faded altar of an unknown god.
  1170 | D:2      | 1170 ||| READING scroll labelled PONTAGHERGH.
  1171 | D:2      | 1171 ||| READING 3 scrolls labelled BUMEZIGYLO.
  1171 | D:2      | 1171 ||| IDENTIFYING lumpy white potion
  1172 | D:2      | 1172 ||| READING 2 scrolls of identify.
  1172 | D:2      | 1172 ||| IDENTIFYING emerald potion
  1173 | D:2      | 1173 ||| READING scroll of identify.
  1173 | D:2      | 1173 ||| IDENTIFYING 2 red potions
  1174 | D:2      | 1174 ||| READING scroll labelled TIERYW VERAD.
  1175 | D:2      | 1175 ||| READING 2 scrolls labelled WEQUSIULOE.
  1176 | D:2      | 1176 ||| READING scroll labelled COXUHA CIMEW.
  1177 | D:2      | 1177 ||| DROPPING scroll of fear.
  1201 | D:3      | 1201 ||| PLANNING SEWER
  1294 | D:3      | Reached XP level 4. HP: 22/22 MP: 5/5
  1323 | D:3      | Found a blossoming altar of Fedhas.
  1332 | D:3      | Found a glowing silver altar of Zin.
  1363 | D:3      | Found a glowing drain.
  1364 | D:3      | 1364 ||| UPGRADING to +5 ring of evasion.
  1365 | D:3      | 1365 ||| READING scroll of identify.
  1365 | D:3      | 1365 ||| IDENTIFYING purple potion
  1374 | Sewer    | Entered a sewer
  1431 | Sewer    | Noticed a kobold brigand
  1432 | Sewer    | 1432 ||| DRINKING potion of haste.
  1449 | Sewer    | Killed a kobold brigand
  1450 | Sewer    | Reached skill level 6 in Dodging
  1450 | Sewer    | Reached XP level 5. HP: 22/25 MP: 6/6
  1526 | Sewer    | Found a white marble altar of Elyvilon.
  1570 | D:3      | 1570 ||| PLANNING D:1-11
  1974 | D:3      | Found a sparkling altar of Nemelex Xobeh.
  2037 | D:3      | Reached XP level 6. HP: 32/32 MP: 7/7
  2084 | D:3      | 2084 ||| DRINKING 2 smoky emerald potions.
  2085 | D:3      | 2085 ||| DROPPING potion of brilliance.
  2106 | D:4      | 2106 ||| STAIRDANCE
  2128 | D:4      | Found a stormy altar of Qazlal.
  2394 | D:4      | Noticed Grinder
  2413 | D:4      | 2413 ||| FLEEEEING.
  2414 | D:4      | 2414 ||| FLEEEEING.
  2415 | D:4      | 2415 ||| STAIRDANCE
  2681 | D:4      | Killed Grinder
  2682 | D:4      | Reached skill level 6 in Ranged Weapons
  2682 | D:4      | Reached XP level 7. HP: 35/35 MP: 8/8
  2964 | D:5      | Entered Level 5 of the Dungeon
  2964 | D:5      | Found a staircase to the Ecumenical Temple.
  2965 | D:5      | 2965 ||| PLANNING TEMPLE
  3016 | Temple   | Entered the Ecumenical Temple
  3017 | Temple   | 3017 ||| PLANNING OKAWARU WORSHIP
  3028 | Temple   | Became a worshipper of Warmaster Okawaru
  3029 | Temple   | 3029 ||| PLANNING D:1-11
  3241 | D:5      | HP: 6/35 [gnoll bouda/+0 club (9)]
  3242 | D:5      | 3242 ||| DRINKING potion of heal wounds.
  3245 | D:5      | Slain by a gnoll bouda

Levels and vault maps discovered:
D:1:      heliophobic_arrival_ceremonial_halls, layout_rooms
D:2:      layout_basic, hellmonk_ecumenical_altar_leap_of_faith
D:3:      layout_basic, mainiacjoe_overflow_catwalk_spiral,
          mainiacjoe_overflow_alcove_1, portal_sewer_entry_b
D:4:      layout_basic, amcnicky_altar_gilded, uniq_grinder
D:5:      layout_basic, minmay_temple_entry_statues_fountains
Temple:   nicolae_temple_superstar

Skill      XL: |  1  2  3  4  5  6  7 |
---------------+----------------------+-----
Dodging        | 3 4 6 7 |  7.0
Ranged Weapons | 5 6 7 |  7.2
Fighting       | 2 |  2.6
Stealth        | |  1.5

Action                     |  1- 3 |  4- 6 |  7- 9 || total
---------------------------+-------+-------+-------++-------
   Fire: Shortbow          |   100 |   139 |    50 ||   289
    Use: Scroll            |     8 |     1 |       ||     9
         Potion            |       |     2 |     1 ||     3
 Armour: Robe              |     5 |     1 |     7 ||    13
  Dodge: Dodged            |    17 |    18 |    29 ||    64

Table legend:
 A = Non-vault XP
 B = Vault XP
 C = Vault XP percentage of total XP
 D = Non-vault monster count
 E = Vault monster count
 F = Vault count percentage of total count
                 A         B        C        D         E       F
            +---------+---------+-------+---------+---------+-------
      Total |     539 |     507 |  48.5 |      73 |      16 |  18.0
            +---------+---------+-------+---------+---------+-------
        D:1 |      44 |       0 |   0.0 |      20 |       0 |   0.0
        D:2 |      24 |       0 |   0.0 |      12 |       0 |   0.0
        D:3 |      95 |       5 |   5.0 |      21 |       4 |  16.0
        D:4 |      80 |     277 |  77.6 |       9 |       1 |  10.0
        D:5 |     296 |       0 |   0.0 |      11 |       0 |   0.0
      Sewer |       0 |     225 | 100.0 |       0 |      11 | 100.0
            +---------+---------+-------+---------+---------+-------
